 Dungeon Crawl Stone Soup version 0.31-a0-263-ge8cad7f (webtiles) character file.

Game seed: 5971911207238700862

12 BingusPrime the Changeling (level 2, 0/23 HPs)
             Began as a Merfolk Shapeshifter on July 13, 2023.
             Slain by a quokka (3 damage)
             ... on level 1 of the Dungeon.
             The game lasted 00:00:26 (197 turns).

BingusPrime the Changeling (Merfolk Shapeshifter)    Turns: 197, Time: 00:00:26

Health: 0/23       AC:  2    Str: 15    XL:     2   Next: 33%
Magic:  2/2        EV: 13    Int:  7    God:
Gold:   24         SH:  0    Dex: 14    Spells: 1/1 levels left

rFire   . .          .
                       - Unarmed
rCold   . . .        (no shield)
rNeg    . . .        a - +0 animal skin
rPois   .            (helmet currently unavailable)
rElec   .            (cloak currently unavailable)
rCorr   .            (gloves currently unavailable)
SInv    .            (boots currently unavailable)
Will    .....        (no amulet)
Stlth   +            (no ring)
HPRegen 0.23/turn    (no ring)
MPRegen 0.08/turn

%: no passive effects
@: beast-form
A: beast (slay +2), (nimble swimmer 2), mertail
a: Begin Untransformation


You were on level 1 of the Dungeon.
You were a hulking beast.
You visited 1 branch of the dungeon, and saw 1 of its levels.

You collected 24 gold pieces.

Inventory:

Armour
 a - a +0 animal skin (worn)
Talismans
 c - a beast talisman
Scrolls
 d - a scroll of torment {unknown}
 e - a scroll of silence {unknown}
 g - a scroll of revelation {unknown}
 h - a scroll of blinking {unknown}
Potions
 b - a potion of lignification
 f - a potion of enlightenment {unknown}


   Skills:
 + Level 2.4 Fighting
 + Level 3.0 Dodging
 + Level 2.4 Unarmed Combat
 + Level 4.2 Shapeshifting


You had one spell level left.
You didn't know any spells.
Your spell library was empty.

Dungeon Overview and Level Annotations

Branches:
Dungeon (1/15)

Altars:


Innate Abilities, Weirdness & Mutations

You are a hulking beast.
Your limbs bulge with bestial killing power. (Slay +2)
((You are very nimble when in or above water. (Stealth+, EV+, Speed+++)))
Your lower body shifts to a powerful aquatic tail in water.


Message History

The quokka twitches its whiskers.
The quokka bites you but does no damage.
You closely miss the quokka. The quokka closely misses you.
The dart slug launches a dart at you. The slug dart misses you.
The quokka closely misses you.
You closely miss the quokka. The quokka bites you.
You barely miss the quokka. The quokka barely misses you.
You hit the quokka.
The quokka is severely wounded.
The quokka misses you.
You barely miss the quokka.
The quokka is severely wounded.
The quokka bites you.
You barely miss the quokka.
The quokka is severely wounded.
The quokka bites you. The dart slug barely misses you.
You hit the quokka but do no damage.
The quokka is severely wounded.
The quokka bites you. The dart slug bites you.
You are too injured to fight recklessly!
You are too injured to fight recklessly!
You are too injured to fight recklessly!
You are too injured to fight recklessly!
You are too injured to fight recklessly!
You are too injured to fight recklessly!
You are too injured to fight recklessly!
You barely miss the quokka.
The quokka is severely wounded.
The quokka closely misses you. The quokka bites you.
* * * LOW HITPOINT WARNING * * *
You barely miss the quokka.
The quokka is severely wounded.
The dart slug launches a dart at you. The slug dart hits you.
* * * LOW HITPOINT WARNING * * *
The quokka barely misses you.
You closely miss the quokka.
The quokka is severely wounded.
The quokka bites you.
You die...

#......".#
#........#
#.......># # ######
#.......?## #.#....#
#.........# #.#.##.#
#.........#
#....#.###...w.....#
#..........hr....#
#..#####.........#
#..#####..........#
#..........####.#.!
#.########.# # # #.#
#.# #.# #.# #.# #.#
#.#


You could see a dart slug and a quokka.

Vanquished Creatures
  2 endoplasms (D:1)
  3 goblins (D:1)
  A quokka (D:1)
  2 ball pythons (D:1)
  2 bats (D:1)
  A rat (D:1)
11 creatures vanquished.

Notes
Turn   | Place    | Note
-------+----------+-------------------------------------------
     0 | D:1      | BingusPrime the Merfolk Shapeshifter began the quest for
                  | the Orb.
     0 | D:1      | Reached XP level 1. HP: 16/16 MP: 1/1
   108 | D:1      | Reached XP level 2. HP: 23/23 MP: 2/2
   197 | D:1      | Slain by a quokka

Illustrated notes

Levels and vault maps discovered:
D:1:      spicycebolla_arrival_ecumenical, layout_basic

Skill      XL: |  1  2 |
---------------+-------+-----
Dodging        | 3 |  3.0
Fighting       | |  2.4
Unarmed Combat | |  2.4
Shapeshifting  | |  4.2

Action                     || total
---------------------------++-------
  Melee: Unarmed           ||    25
 Armour: Animal skin       ||     5
  Dodge: Dodged            ||    14

Table legend: (Time is in decaauts)
 A = Elapsed time spent in this place.
 B = Non-inter-level travel time spent in this place.
 C = Inter-level travel time spent in this place.
 D = Time resting spent in this place.
 E = Time spent auto-exploring this place.
 F = Levels seen in this place.
 G = Mean time per level.
                   A        B        C        D        E       F      G
               +--------+--------+--------+--------+--------+-----+--------+
         Total |    196 |    196 |      0 |      0 |    130 |   1 |  196.0 |
       Dungeon |    196 |    196 |      0 |      0 |    130 |   1 |  196.0 |
               +--------+--------+--------+--------+--------+-----+--------+

Top non-repeatable levels by time:
     D:1: 196 daAuts
